 Dungeon Crawl Stone Soup version 0.18.1-50-g88ac8fd (console) character file.

356278 Kloppie the Hoplite (level 22, -6/188 HPs)
             Began as a Merfolk Berserker on Oct 11, 2016.
             Was the Champion of Trog.
             Shot with a bolt by a yaktaur (15 damage)
             ... on level 4 of the Vaults on Oct 12, 2016.
             The game lasted 01:45:02 (46094 turns).

Kloppie the Hoplite (Merfolk Berserker)            Turns: 46094, Time: 01:45:02

Health: -6/188     AC: 33    Str: 18    XL:     22   Next: 34%
Magic:  8/8        EV: 22    Int:  8    God:    Trog [******]
Gold:   3369       SH: 25    Dex: 21    Spells: 0 memorised, 21 levels left

rFire  . . .     SeeInvis .     b - +8 demon trident (antimagic)
rCold  + + .     Gourm    .     J - +9 ice dragon armour "Sizy" {rElec rF- rC++}
rNeg   . . .     Faith    .     e - +0 large shield
rPois  .         Spirit   .     y - +2 hat
rElec  +         Dismiss  .     k - +2 cloak
rCorr  .         Reflect  .     A - +2 pair of gloves
SustAt .         Harm     .     r - +1 pair of boots
MR     ++...                    C - amulet of regeneration
Stlth  ..........               T - ring of protection from fire
                                f - ring of protection from magic

@: exhausted, slowed, drained, very slow, very resistant to hostile
enchantments, extremely unstealthy
A: change form in water, swift swim
a: Berserk, Trog's Hand, Brothers in Arms, Burn Spellbooks, Renounce Religion
}: 2/15 runes: decaying, serpentine


You were on level 4 of the Vaults.
You worshipped Trog.
Trog was exalted by your worship.
You were near starving.

You visited 7 branches of the dungeon, and saw 38 of its levels.
You also visited: Ossuary.

You collected 4059 gold pieces.
You spent 690 gold pieces at shops.

Inventory:

Hand Weapons
 a - the +6 demon trident of a sewer {freeze, Str+4 Int+3}
   (Trog gifted it to you on level 13 of the Dungeon)

   It has been specially enchanted to freeze those struck by it, causing extra
   injury to most foes and up to half again as much damage against particularly
   susceptible opponents.
   It can also slow down cold-blooded creatures.
   It affects your strength (+4).
   It affects your intelligence (+3).
 b - a +8 antimagic demon trident (weapon)
Armour
 e - a +0 large shield (worn)
 k - a +2 cloak (worn)
 r - a +1 pair of boots (worn)
 y - a +2 hat (worn)
 A - a +2 pair of gloves (worn)
 J - the +9 ice dragon armour "Sizy" (worn) {rElec rF- rC++}
   (You found it on level 8 of the Lair of Beasts)

   It makes you vulnerable to fire.
   It greatly protects you from cold.
   It insulates you from electricity.
 R - a +0 swamp dragon armour
Jewellery
 f - a ring of protection from magic (left hand)
 v - an uncursed ring of stealth
 z - an uncursed ring of see invisible
 C - an amulet of regeneration (around neck)
 H - a +4 amulet of reflection
 I - an uncursed ring of resist corrosion
 T - a ring of protection from fire (right hand)
 U - an uncursed ring of poison resistance
Wands
 l - a wand of digging (15/24)
 s - a wand of disintegration (10/24)
 B - a wand of lightning (13/15)
 S - a wand of digging (8/24)
Scrolls
 d - 6 scrolls of magic mapping
 g - 3 scrolls of holy word
 h - 2 scrolls of fear
 m - 9 scrolls of teleportation
 o - 7 scrolls of recharging
 t - 12 scrolls of remove curse
 u - 6 scrolls of blinking
 E - 5 scrolls of identify
 N - 4 scrolls of enchant armour
 Q - a scroll of summoning
 X - 2 scrolls of fog
Potions
 j - 3 potions of agility
 n - 6 potions of haste
 q - 14 potions of curing
 w - 5 potions of flight
 x - 4 potions of heal wounds
 D - a potion of might
 K - 2 potions of cancellation
 M - 4 potions of resistance
 O - 2 potions of invisibility
 P - 3 potions of cure mutation
Miscellaneous
 L - a phantom mirror
Comestibles
 c - 23 bread rations
 i - 11 meat rations
 p - 7 chunks of flesh
 F - 13 beef jerkies
 W - 2 fruits
 Y - 2 slices of pizza


   Skills:
 + Level 19.3(19.0) Fighting
 - Level 14.0(13.7) Polearms
 - Level 11.2(10.9) Armour
 + Level 16.1(15.7) Dodging
 - Level 25.0(24.6) Shields
 - Level 4.7(4.5) Evocations


You had 21 spell levels left.
You didn't know any spells.

Dungeon Overview and Level Annotations

Branches:
Dungeon (15/15)            Temple (0/1) D:4            Lair (8/8) D:10
  Swamp (4/4) Lair:3        Snake (4/4) Lair:3        Slime (0/6) Lair:8
    Orc (2/2) D:9             Elf (0/3) Orc:2        Vaults (4/5) D:14
  Crypt (0/3) Vaults:2     Depths (1/5) D:15

Altars:
Cheibriados
Dithmenos
Elyvilon
Fedhas
Nemelex Xobeh
Pakellas
Qazlal
Ru
Yredelemnul
Zin
Beogh

Shops:
D:8 }   D:11 %   Orc:2 ?!!(   Snake:1 *   Vaults:3 %

Portals:
Hell: Depths:1

Annotations:
Lair:8 exclusion: 3 oklob plants


Message History

The yaktaur shouts!
You puncture the lich!
The lich's magic leaks into the air.
The lich is severely damaged.
You block the lich's attack.
The reaper hits you with a scythe of protection!
* * * LOW HITPOINT WARNING * * *
You block the yaktaur's attack.
You impale the lich!!
The lich's magic leaks into the air.
The lich is almost destroyed.
You are no longer berserk.
You are exhausted.
You feel yourself slow down.
You are near starving!
You puncture the lich!
You destroy the lich!
Trog appreciates your killing of a magic user.
The reaper disappears in a puff of smoke!
You block the vault guard's attack.
The yaktaur wields an arbalest.
The yaktaur shoots a bolt.
The bolt hits you!
You die...

........#########
........'........?#
........'........>#
........#.........#
........#.........#
......cc#.........#
.......cC)........#
#+#######()cc.....#
#..@p.....#
#..§..(..†#
#...(.....#
#....(....#
#.....(...#
########''##########
#.c...........
#.............
#...#####+##..


You could see a stone giant, a vault guard and 6 yaktaurs.

Vanquished Creatures
  Sojobo (Vaults:2)
  Boris (Vaults:3)
  the Lernaean hydra (Swamp:4)
  Saint Roka (Vaults:4)
  Nikola (Depths:1)
  A tentacled monstrosity (Vaults:1)
  A lich (Vaults:4)
  Frances (D:13)
  2 tengu reavers (Vaults:2)
  A shadow dragon (Vaults:2)
  Gastronok (Lair:1)
  2 thorn hunters (Swamp:3)
  11 greater nagas
  A fire giant (Depths:1)
  Donald (Swamp:1)
  2 orc warlords
  12 vault wardens
  8 very ugly things
  8 ironheart preservers
  8 stone giants
  The ghost of Dioneo the Archer, a journeyman CeHu of Ru (Lair:1)
  A war gargoyle (Vaults:3)
  The ghost of SaintRoka the Bludgeoner, a journeyman OgBe of Trog (D:13)
  2 salamander stormcallers
  5 vault guards
  A merfolk javelineer (Depths:1)
  A merfolk impaler (Depths:1)
  An ettin (Depths:1)
  Josephine (Orc:2)
  4 fire dragons
  9 yaktaur captains
  A crystal guardian (Vaults:3)
  5 great orbs of eyes
  Fannar (Lair:1)
  3 catoblepae (Lair:8)
  Harold (Lair:3)
  15 hydras
  8 ice dragons
  A rakshasa (Vaults:1)
  2 entropy weavers (D:15)
  12 naga warriors
  9 centaur warriors
  8 alligators
  A death knight (Vaults:2)
  A queen ant (shapeshifter) (Depths:1)
  24 anacondas
  9 ogre magi
  A queen ant (Lair:3)
  3 deep troll shamans (Depths:1)
  17 death yaks
  2 deep troll earth magi
  7 shock serpents
  4 orc high priests
  A spriggan berserker (Depths:1)
  20 naga sharpshooters
  2 deep elf knights
  13 skeletal warriors (Vaults:2)
  10 salamander mystics
  A fire crab (shapeshifter) (Vaults:2)
  2 shadow wraiths
  A storm dragon skeleton (Vaults:2)
  14 wizards
  13 deep trolls
  3 shambling mangroves (Swamp:3)
  4 sea snakes (Snake:2)
  A giant orange brain (Vaults:1)
  A flayed ghost (Vaults:2)
  2 unseen horrors
  A spriggan druid (Swamp:3)
  10 naga ritualists
  10 swamp dragons
  2 deep elf archers
  Pikel (D:5)
  11 hill giants
  9 ironbrand convokers
  4 lindwurms (Snake:4)
  17 mana vipers
  6 deep elf magi
  A shining eye (shapeshifter) (D:13)
  13 orc knights
  8 orc sorcerers
  5 griffons
  2 oklob plants (Swamp:3)
  24 salamanders
  22 ugly things
  5 wolf spiders
  A tengu skeleton (Vaults:2)
  5 cyclopes
  4 hornets
  3 human skeletons (Vaults:2)
  A manticore (shapeshifter) (D:15)
  12 elephants
  A frost giant skeleton (Vaults:2)
  The ghost of napalmx the Chopper, a novice MiBe of Trog (D:5)
  49 black mambas
  15 vault sentinels
  22 naga magi
  2 fire giant skeletons (Vaults:2)
  A gargoyle (D:15)
  22 spiny frogs
  6 guardian serpents
  A rime drake (shapeshifter) (Vaults:1)
  4 kobold demonologists
  A komodo dragon (shapeshifter) (Vaults:3)
  4 rime drakes
  2 efreet (D:13)
  7 komodo dragons
  A yaktaur skeleton (Vaults:2)
  24 yaktaurs
  7 freezing wraiths
  4 giant leeches
  2 jumping spiders
  5 trolls
  A merfolk (D:11)
  9 blink frogs
  A polar bear (Lair:6)
  A harpy skeleton (D:14)
  A slime creature (shapeshifter) (Depths:1)
  17 two-headed ogres
  2 raiju (shapeshifter)
  36 slime creatures
  2 boulder beetles
  3 bog bodies
  A frost giant simulacrum (Vaults:3)
  8 shadows
  3 redbacks (D:15)
  2 redbacks (shapeshifter)
  4 spriggans
  8 water elementals
  A tarantella (D:15)
  2 vampires
  A wyvern (shapeshifter) (Vaults:3)
  7 wraiths
  81 yaks
  2 wyverns
  2 hippogriffs (shapeshifter) (Vaults:1)
  4 basilisks
  2 steam dragons
  A human (D:11)
  30 vampire mosquitoes
  Menkaure (D:4)
  6 hippogriffs
  2 mottled dragons
  13 swamp worms
  19 insubstantial wisps
  4 wargs
  44 nagas
  8 water moccasins
  8 soldier ants (Lair:3)
  10 porcupines
  13 swamp drakes
  5 sky beasts
  2 black bears
  10 wasps
  5 ice beasts
  37 orc warriors
  A black bear (shapeshifter) (Depths:1)
  An eye of draining (D:11)
  2 phantoms
  4 necrophages
  25 centaurs
  25 ogres
  5 boggarts (Depths:1)
  21 wolves
  12 crocodiles
  An elf zombie (Ossuary)
  6 big kobolds
  A glowing shapeshifter simulacrum (Vaults:3)
  22 giant frogs
  A wyvern zombie (D:13)
  A gnoll sergeant (D:8)
  A wyvern skeleton (D:13)
  2 scorpions
  The ghost of Asagix the Ducker, a weakling TrBe of Trog (D:3)
  A water moccasin skeleton (D:10)
  6 killer bees (D:14)
  8 wights
  3 howler monkeys (D:7)
  4 electric eels
  8 centaur zombies
  7 crimson imps
  A human zombie (Ossuary)
  2 quasits
  7 jellies
  2 giant frog zombies
  2 centaur skeletons (D:8)
  21 orc priests
  A gnoll shaman (D:9)
  6 hounds
  29 orc wizards
  2 giant frog skeletons
  5 iguanas
  30 worker ants
  A boulder beetle simulacrum (Vaults:1)
  11 sheep
  A big kobold zombie (Ossuary)
  3 hound zombies (Ossuary)
  2 hound skeletons
  3 mummies (Ossuary)
  A worker ant zombie (D:8)
  Robin (D:4)
  7 gnolls
  8 adders
  A howler monkey skeleton (D:11)
  31 river rats
  6 shadow imps
  6 adder zombies (Ossuary)
  2 adder skeletons
  A worm (shapeshifter) (Vaults:2)
  3 worms
  3 dart slugs
  6 giant geckos
  83 orcs
  9 giant cockroaches
  24 goblins
  4 hobgoblins
  4 jackals (D:2)
  24 kobolds
  3 quokkas
  6 bats
  A giant gecko skeleton (D:5)
  11 giant newts
  2 gnoll zombies (Ossuary)
  2 goblin zombies (Ossuary)
  6 hobgoblin zombies (Ossuary)
  2 jackal zombies (Ossuary)
  3 kobold zombies (Ossuary)
  An orc zombie (Ossuary)
  4 quokka zombies
  6 rats
  2 rat zombies
1663 creatures vanquished.

Vanquished Creatures (collateral kills)
  2 thorn hunters (Swamp:3)
  3 hydras (Swamp:4)
  A rakshasa (D:10)
  2 death yaks (Lair:8)
  A shambling mangrove (Swamp:3)
  2 yaks (Lair:8)
  2 vampire mosquitoes (Swamp:3)
  2 swamp drakes (Swamp:4)
15 creatures vanquished.

Vanquished Creatures (others)
  An ice dragon (Depths:1)
  Sonja (D:13)
  2 yaktaurs
  A yak (D:13)
  2 nagas (Snake:4)
  An orc warrior (D:11)
  A centaur (D:12)
  A jelly (D:13)
  An orc priest (Orc:2)
  5 briar patches (Swamp:3)
  29 fungi
  9 plants
54 creatures vanquished.

Grand Total: 1732 creatures vanquished

Notes
Turn   | Place    | Note
--------------------------------------------------------------
     0 | D:1      | Kloppie the Merfolk Berserker began the quest for the Orb.
     0 | D:1      | Reached XP level 1. HP: 18/18 MP: 1/1
    67 | D:1      | Reached XP level 2. HP: 24/24 MP: 2/2
   167 | D:1      | Reached skill level 5 in Polearms
   330 | D:1      | Reached XP level 3. HP: 27/30 MP: 3/3
   358 | D:1      | Reached ** piety under Trog
   598 | D:2      | Found a sparkling altar of Nemelex Xobeh.
  1119 | D:2      | Found a blossoming altar of Fedhas.
  1199 | D:3      | Reached XP level 4. HP: 27/37 MP: 4/4
  1249 | D:3      | Noticed Asagix's ghost (weakling TrBe)
  1265 | D:3      | Killed Asagix's ghost
  1403 | D:3      | Reached XP level 5. HP: 43/43 MP: 5/5
  1616 | D:3      | Reached *** piety under Trog
  1727 | D:3      | Reached skill level 5 in Fighting
  2071 | D:3      | Found a sacrificial altar of Ru.
  2079 | D:3      | Reached XP level 6. HP: 48/51 MP: 6/6
  2350 | D:4      | Found a sand-covered staircase.
  2357 | Ossuary  | Entered an ossuary
  2853 | Ossuary  | Reached XP level 7. HP: 38/56 MP: 7/7
  3509 | D:4      | Noticed Robin
  3560 | D:4      | Killed Robin
  3573 | D:4      | Found a staircase to the Ecumenical Temple.
  3744 | D:4      | Noticed Menkaure
  3754 | D:4      | Killed Menkaure
  3791 | D:4      | Reached XP level 8. HP: 48/65 MP: 8/8
  4176 | D:4      | Found a basalt altar of Yredelemnul.
  4344 | D:5      | Entered Level 5 of the Dungeon
  4853 | D:5      | Reached skill level 10 in Polearms
  4875 | D:5      | Noticed Pikel
  4898 | D:5      | Killed Pikel
  4898 | D:5      | Reached skill level 5 in Dodging
  4898 | D:5      | Reached XP level 9. HP: 72/72 MP: 9/9
  5005 | D:5      | Noticed napalmx's ghost (novice MiBe)
  5024 | D:5      | Killed napalmx's ghost
  5654 | D:6      | Reached skill level 1 in Shields
  5696 | D:6      | Reached **** piety under Trog
  5953 | D:6      | Found an oddly glowing altar of Pakellas.
  6034 | D:6      | Reached skill level 2 in Shields
  6107 | D:6      | Found a basalt altar of Yredelemnul.
  6187 | D:6      | Found a stormy altar of Qazlal.
  6400 | D:6      | Reached skill level 3 in Shields
  6988 | D:7      | Reached skill level 4 in Shields
  7048 | D:7      | Received a gift from Trog
  7498 | D:8      | Reached XP level 10. HP: 80/80 MP: 10/10
  7584 | D:8      | Found a shadowy altar of Dithmenos.
  7959 | D:8      | Found Niamm's Gadget Shop.
  8232 | D:8      | Found a snail-covered altar of Cheibriados.
  9044 | D:9      | You fall through a shaft for 2 floors!
  9058 | D:11     | Noticed a hill giant
  9059 | D:11     | Found Rutiycwe's Food Shoppe.
  9084 | D:11     | Killed a hill giant
  9095 | D:11     | Received a gift from Trog
  9202 | D:11     | Reached skill level 10 in Fighting
  9209 | D:11     | Reached skill level 5 in Armour
  9238 | D:11     | Noticed a hill giant
  9249 | D:11     | Killed a hill giant
  9249 | D:11     | Reached XP level 11. HP: 84/92 MP: 11/11
  9321 | D:10     | Entered Level 10 of the Dungeon
  9334 | D:10     | Noticed a hill giant
  9351 | D:10     | Killed a hill giant
  9381 | D:10     | Noticed a rakshasa
  9390 | D:10     | Killed a rakshasa
  9909 | D:9      | Reached ***** piety under Trog
  9969 | D:9      | Found a staircase to the Orcish Mines.
 10111 | D:10     | Found a staircase to the Lair.
 11199 | D:11     | Reached skill level 10 in Dodging
 11524 | D:11     | Received a gift from Trog
 11715 | D:11     | Reached XP level 12. HP: 103/103 MP: 12/12
 12618 | D:12     | Found a blossoming altar of Fedhas.
 12735 | D:12     | You fall through a shaft for 3 floors!
 12735 | D:15     | Entered Level 15 of the Dungeon
 12855 | D:13     | Noticed a centaur warrior
 12861 | D:13     | Killed a centaur warrior
 13140 | D:13     | Noticed SaintRoka's ghost (journeyman OgBe)
 13171 | D:13     | Killed SaintRoka's ghost
 13224 | D:13     | Noticed Sonja
 13242 | D:13     | Killed Sonja
 13892 | Lair:1   | Entered Level 1 of the Lair of Beasts
 13906 | Lair:1   | Noticed Dioneo's ghost (journeyman CeHu)
 13922 | Lair:1   | Killed Dioneo's ghost
 13949 | Lair:1   | Noticed Fannar
 13980 | Lair:1   | Killed Fannar
 14143 | Lair:1   | Noticed Gastronok
 14161 | Lair:1   | Killed Gastronok
 14161 | Lair:1   | Reached XP level 13. HP: 102/114 MP: 13/13
 14644 | Lair:2   | Found a glowing silver altar of Zin.
 15262 | Lair:3   | Found a staircase to the Snake Pit.
 15285 | Lair:3   | Reached skill level 1 in Evocations
 15309 | Lair:3   | Found a staircase to the Swamp.
 15437 | Lair:3   | Noticed Harold
 15470 | Lair:3   | Killed Harold
 15949 | Lair:3   | Received a gift from Trog
 17522 | Lair:5   | Reached skill level 5 in Shields
 17896 | Lair:5   | Reached skill level 6 in Shields
 17962 | Lair:5   | Reached XP level 14. HP: 121/121 MP: 17/17
 18382 | Lair:6   | Reached skill level 7 in Shields
 18430 | Lair:6   | Reached skill level 8 in Shields
 18732 | Lair:6   | Reached skill level 9 in Shields
 19415 | Lair:6   | Received a gift from Trog
 19701 | Lair:7   | Reached skill level 10 in Shields
 20159 | Lair:7   | Reached skill level 11 in Shields
 20918 | Orc:1    | Entered Level 1 of the Orcish Mines
 21219 | Orc:1    | Found a roughly hewn altar of Beogh.
 21351 | Orc:2    | Entered Level 2 of the Orcish Mines
 21374 | Orc:2    | Reached ****** piety under Trog
 21434 | Orc:2    | Noticed an orc warlord
 21621 | Orc:1    | Killed an orc warlord
 21621 | Orc:1    | Reached skill level 12 in Shields
 21821 | Orc:2    | Received a gift from Trog
 21860 | Orc:2    | Found a staircase to the Elven Halls.
 22060 | Orc:2    | Noticed Josephine
 22078 | Orc:2    | Killed Josephine
 22098 | Orc:2    | Found Avoxey's Antique Weapon Shop.
 22253 | Orc:1    | Reached XP level 15. HP: 110/127 MP: 18/18
 22426 | Orc:2    | Reached skill level 13 in Shields
 22698 | Orc:2    | Found Kauffiug's Magic Scroll Shop.
 22721 | Orc:2    | Found Kimekus's Distillery.
 22725 | Orc:2    | Bought a scroll of identify for 36 gold pieces
 22725 | Orc:2    | Bought a scroll of identify for 36 gold pieces
 22729 | Orc:2    | Found Wubribal's Distillery.
 22996 | Orc:2    | Bought a potion of beneficial mutation for 525 gold pieces
 22996 | Orc:2    | Gained mutation: You have a pair of small horns on your head. [potion of beneficial mutation]
 23332 | Lair:8   | Entered Level 8 of the Lair of Beasts
 23722 | Lair:8   | Received a gift from Trog
 23915 | Lair:8   | Found a staircase to the Slime Pits.
 24226 | Lair:8   | Reached skill level 14 in Shields
 24510 | Lair:8   | Reached skill level 15 in Shields
 24768 | Lair:8   | Got a heavily runed ice dragon armour
 24783 | Lair:8   | Identified the +9 ice dragon armour "Sizy" {rElec rF- rC++} (You found it on level 8 of the Lair of Beasts)
 25132 | Swamp:1  | Entered Level 1 of the Swamp
 25197 | Swamp:1  | Noticed Donald
 25236 | Swamp:1  | Killed Donald
 26099 | Swamp:2  | Reached skill level 15 in Fighting
 26228 | Swamp:2  | Reached XP level 16. HP: 86/136 MP: 19/19
 26658 | Swamp:3  | Noticed a thorn hunter
 26690 | Swamp:3  | Killed a thorn hunter
 26888 | Swamp:3  | Received a gift from Trog
 27084 | Swamp:3  | Noticed a thorn hunter
 27115 | Swamp:3  | Killed a thorn hunter
 27117 | Swamp:3  | Noticed a thorn hunter
 27125 | Swamp:3  | Killed a thorn hunter
 27128 | Swamp:3  | Noticed a thorn hunter
 27562 | Swamp:3  | Killed a thorn hunter
 27903 | Swamp:4  | Entered Level 4 of the Swamp
 28595 | Swamp:4  | Noticed the 27-headed Lernaean hydra
 28608 | Swamp:4  | Killed the 27-headed Lernaean hydra
 28865 | Swamp:4  | Reached skill level 15 in Dodging
 28965 | Swamp:4  | Got a decaying rune of Zot
 29333 | D:13     | Received a gift from Trog
 29334 | D:13     | Got a steaming demon trident {god gift}
 29344 | D:13     | Identified the +6 demon trident of a sewer {freeze, Str+4 Int+3} (Trog gifted it to you on level 13 of the Dungeon)
 29414 | D:13     | Noticed Frances
 29437 | D:13     | Killed Frances
 29437 | D:13     | Reached XP level 17. HP: 136/148 MP: 20/20
 30067 | D:14     | Reached skill level 16 in Shields
 30131 | D:14     | Found a gate to the Vaults.
 30401 | D:14     | Received a gift from Trog
 30563 | D:14     | Found a white marble altar of Elyvilon.
 30632 | D:14     | Found a glowing silver altar of Zin.
 31044 | D:14     | Reached skill level 17 in Shields
 31551 | D:15     | Found a staircase to the Depths.
 31768 | Vaults:1 | Entered Level 1 of the Vaults
 31919 | Vaults:1 | Received a gift from Trog
 32124 | Vaults:1 | Reached skill level 18 in Shields
 32476 | Vaults:1 | Reached XP level 18. HP: 155/155 MP: 21/21
 32548 | Vaults:1 | Gained mutation: Scrolls take you a little longer to read. [a neqoxec]
 32790 | Vaults:1 | Noticed a tentacled monstrosity
 32805 | Vaults:1 | Killed a tentacled monstrosity
 32805 | Vaults:1 | Received a gift from Trog
 33389 | Vaults:2 | Noticed Sojobo
 33443 | Vaults:2 | Reached skill level 19 in Shields
 33462 | Vaults:2 | Killed Sojobo
 34202 | Vaults:2 | Reached skill level 20 in Shields
 34470 | Vaults:2 | Reached XP level 19. HP: 161/161 MP: 22/22
 34481 | Vaults:2 | Found a staircase to the Crypt.
 34568 | Vaults:2 | Received a gift from Trog
 35191 | Vaults:3 | Found Goskeigu's Food Shoppe.
 35243 | Vaults:3 | Noticed Boris
 35645 | Vaults:2 | Reached skill level 21 in Shields
 35889 | Snake:1  | Entered Level 1 of the Snake Pit
 35903 | Snake:1  | Found Qipoitik's Assorted Antiques.
 35909 | Snake:1  | Bought a scroll labeled MIEREOTWIRR for 31 gold pieces
 35909 | Snake:1  | Bought a scroll of identify for 62 gold pieces
 36198 | Snake:1  | Received a gift from Trog
 37728 | Snake:2  | Reached skill level 22 in Shields
 37734 | Snake:2  | Received a gift from Trog
 38643 | Snake:3  | Reached XP level 20. HP: 169/169 MP: 7/23
 39006 | Snake:3  | Reached skill level 10 in Armour
 39337 | Snake:4  | Entered Level 4 of the Snake Pit
 39585 | Snake:4  | Received a gift from Trog
 40297 | Snake:4  | Received a gift from Trog
 40470 | Snake:4  | Reached skill level 23 in Shields
 40841 | Snake:4  | Received a gift from Trog
 40974 | Snake:4  | Reached XP level 21. HP: 129/175 MP: 8/24
 41022 | Snake:4  | Got a serpentine rune of Zot
 41728 | Vaults:3 | Reached skill level 24 in Shields
 41927 | Vaults:3 | Killed Boris
 42570 | Vaults:3 | Lost mutation: Scrolls take you a little longer to read. [potion of cure mutation]
 42570 | Vaults:3 | Lost mutation: You have a pair of small horns on your head. [potion of cure mutation]
 42728 | Depths:1 | Entered Level 1 of the Depths
 42733 | Depths:1 | Noticed Nikola
 42901 | D:15     | Received a gift from Trog
 43065 | Depths:1 | Killed Nikola
 43409 | D:15     | Reached skill level 25 in Shields
 44034 | Depths:1 | Paralysed by a great orb of eyes for 3 turns
 44335 | Depths:1 | Received a gift from Trog
 44359 | Depths:1 | Found a gateway to Hell.
 44580 | Depths:1 | Reached XP level 22. HP: 53/186 MP: 8/25
 44745 | Depths:1 | Identified a scroll of acquirement
 45427 | Vaults:4 | Noticed Saint Roka
 45461 | Vaults:4 | Killed Saint Roka
 45781 | Vaults:4 | Received a gift from Trog
 46092 | Vaults:4 | HP: 12/282 [reaper/scythe of protection[a lich] (7)]
 46094 | Vaults:4 | Shot with a bolt by a yaktaur

Skill      XL: |  1  2  3  4  5  6  7  8  9 10 11 12 13 14 15 16 17 18 19 20 21 22 |
---------------+-------------------------------------------------------------------+-----
Polearms       | 5 6 7 9 11 13 14 | 14.0
Fighting       | 4 5 6 7 10 12 14 15 17 18 19 | 19.3
Armour         | 2 3 5 8 9 11 | 11.2
Dodging        | 5 7 10 11 13 15 16 | 16.1
Shields        | 4 6 12 15 18 20 22 23 25 | 25.0
Evocations     | 4 |  4.7

Action                   |  1- 3 |  4- 6 |  7- 9 | 10-12 | 13-15 | 16-18 | 19-21 | 22-24 || total
-------------------------+-------+-------+-------+-------+-------+-------+-------+-------++-------
Melee: Spear             |   110 |   304 |   754 |  1151 |       |       |       |       ||  2319
       Trident           |       |       |       |   327 |  2283 |   857 |       |       ||  3467
       Tailslap          |       |       |       |       |    31 |    50 |    10 |       ||    91
       Headbutt          |       |       |       |       |   172 |   578 |   538 |       ||  1288
       Demon trident     |       |       |       |       |       |  1404 |  3175 |   452 ||  5031
Invok: Berserk           |     2 |     5 |     8 |    12 |    10 |     5 |     2 |     1 ||    45
       Trog's Hand       |       |     1 |     3 |     9 |     8 |    12 |    13 |     1 ||    47
       Brothers in Arms  |       |       |       |     2 |     1 |     3 |       |       ||     6
Evoke: Wand              |       |       |       |       |       |       |     2 |       ||     2
  Use: Scroll            |       |     3 |    12 |     4 |    11 |    10 |    16 |     3 ||    59
       Potion            |       |       |       |       |     4 |     3 |     7 |       ||    14
 Stab: Sleeping          |     1 |       |       |       |     1 |       |       |       ||     2
       Paralysed         |       |     2 |       |       |       |       |       |       ||     2
       Invisible         |       |     1 |       |       |       |       |       |       ||     1
       Petrified         |       |       |       |       |     4 |       |       |       ||     4
       Distracted        |       |       |       |       |     2 |     2 |     1 |       ||     5
       Confused          |       |       |       |       |       |     1 |       |       ||     1
  Eat: Chunk             |     3 |     5 |     8 |    35 |    49 |    30 |    16 |     3 ||   149
       Beef jerky        |       |     1 |       |       |       |       |       |       ||     1
       Meat ration       |       |     1 |     3 |     1 |       |     1 |     5 |       ||    11
       Pizza             |       |       |       |     1 |       |       |     1 |       ||     2
       Royal jelly       |       |       |       |       |     1 |     1 |       |       ||     2
Armor: Animal skin       |     1 |       |       |       |       |       |       |       ||     1
       Ring mail         |    25 |    70 |   136 |    13 |   272 |       |       |       ||   516
       Scale mail        |       |       |       |   166 |    34 |       |       |       ||   200
       Ice dragon armour |       |       |       |       |    54 |   238 |   385 |    48 ||   725
       Swamp dragon armo |       |       |       |       |       |   169 |   163 |       ||   332
Dodge: Dodged            |    57 |   115 |   249 |   389 |   954 |   839 |  1199 |    80 ||  3882
Block: Buckler           |       |       |     5 |   223 |   403 |       |       |       ||   631
       Reflection        |       |       |       |    13 |     2 |       |       |       ||    15
       Shield            |       |       |       |       |   109 |  1250 |  1614 |       ||  2973
       Large shield      |       |       |       |       |       |       |   706 |   288 ||   994
